 Dungeon Crawl Stone Soup version 0.30.0-10-gfe55d96785 (webtiles) character file.

Game seed: 1637429718205837652

1925 monsoonserge the Basher (level 9, -2/65 (74) HPs)
             Began as a Meteoran Fighter on May 15, 2023.
             Was a Priest of Okawaru.
             Slain by a wight
             ... wielding a +2 long sword of freezing
              (7 damage)
             ... on level 8 of the Dungeon.
             The game lasted 00:33:48 (3618 turns).

monsoonserge the Basher (Meteoran Fighter)          Turns: 3618, Time: 00:33:49

HP:   -2/65 (74)    AC: 10    Str: 32    XL:     9   Next: 66%
MP:   0/12          EV: 11    Int: 10    God:    Okawaru [***...]
Gold: 386           SH:  5    Dex: 14    Spells: 8/8 levels left

rFire   . . .        D - +5 hammer "Deycolo" {pain, rCorr Str+4}
rCold   . . .        c - +0 buckler
rNeg    . . .        b - +0 scale mail
rPois   +            j - +0 helmet
rElec   .            E - +0 cloak
rCorr   +            (no gloves)
SInv    .            (no boots)
Will    +....        w - amulet of guardian spirit Stlth
                     o - ring of poison resistance
HPRegen 0.30/turn    s - +6 ring of strength
MPRegen 0.13/turn

%: guardian spirit
@: mighty, glowing, heavily drained
A: sense surroundings 2, otherworldly, glowing, explore regen
a: Renounce Religion, Heroism


You were on level 8 of the Dungeon.
You worshipped Okawaru.
Okawaru was most pleased with you.
You visited 2 branches of the dungeon, and saw 9 of its levels.

You collected 386 gold pieces.

Inventory:

Hand Weapons
 k - a +2 whip of freezing
 v - a +0 arbalest
 y - a +0 sling
 D - the +5 hammer "Deycolo" (weapon) {pain, rCorr Str+4}
   (You found it on level 5 of the Dungeon)

   Str:       It affects your strength (+4).
   rCorr:     It protects you from acid and corrosion.
Missiles
 x - 5 boomerangs (quivered)
 M - 3 poisoned darts
Armour
 b - a +0 scale mail (worn)
 c - a +0 buckler (worn)
 j - a +0 helmet (worn)
 E - a +0 cloak (worn)
Jewellery
 a - a ring of protection from cold
 o - a ring of poison resistance (left hand)
 s - a +6 ring of strength (right hand)
 w - an amulet of guardian spirit (around neck)
Wands
 F - a wand of digging (4)
 H - a wand of iceblast (12)
Scrolls
 e - 2 scrolls of amnesia {unknown}
 f - 2 scrolls of enchant weapon {unknown}
 i - 4 scrolls of identify {unknown}
 m - 2 scrolls of enchant armour {unknown}
 n - a scroll of magic mapping {unknown}
 r - 2 scrolls of noise {unknown}
 t - 2 scrolls of blinking {unknown}
 u - a scroll of vulnerability {unknown}
 z - 2 scrolls of fear {unknown}
 B - 5 scrolls of teleportation {unknown}
 C - 2 scrolls of torment {unknown}
 G - a scroll of silence {unknown}
 K - a scroll of acquirement {unknown}
 L - a scroll of poison {unknown}
Potions
 d - 2 potions of might
 g - 5 potions of curing
 h - 3 potions of flight {unknown}
 l - a potion of invisibility
 p - 2 potions of brilliance {unknown}
 q - 2 potions of attraction {unknown}
 A - a potion of lignification {unknown}
 I - 2 potions of heal wounds {unknown}
 J - a potion of ambrosia {unknown}


   Skills:
 + Level 5.1 Fighting
 + Level 3.3(5.9) Axes
 + Level 8.3(9.1) Maces & Flails
 + Level 3.1(5.8) Staves
 + Level 2.6 Throwing
 + Level 6.7 Armour
 + Level 3.4 Dodging
 + Level 6.0 Shields
 - Level 1.0 Necromancy
 * Level 3.4 Invocations
 - Level 2.0 Evocations


You had 8 spell levels left.
You didn't know any spells.
Your spell library contained the following spells:

 Spells                   Type           Power      Damage    Failure   Level
 Sandblast                Erth           0%         2d4       63%         1
 Passwall                 Tmut/Erth      0%         N/A       77%         2
 Dazzling Flash           Conj/Hex       0%         N/A       94%         3
 Stone Arrow              Conj/Erth      0%         3d7       94%         3
 Agony                    Necr           2%         N/A       100%        5
 Silence                  Hex/Air        0%         N/A       100%        5


Dungeon Overview and Level Annotations

Branches:
Dungeon (8/15) Zot: 1295   Temple (1/1) D:4 Zot: 477
   Lair: D:8-11

Altars:
Ashenzari
Dithmenos
Elyvilon
Fedhas
Hepliaklqana
Makhleb
Nemelex Xobeh
Okawaru
Qazlal
Ru
Sif Muna
Trog
Uskayaw
Vehumet
Wu Jian
Xom
Yredelemnul

Annotations:
D:4 Pikel


Innate Abilities, Weirdness & Mutations

You passively map the area around you.
You are easily found by Zot.
You glow in the dark.
You regain HP and MP as you explore.


Message History

a +3 scimitar; a +0 robe You barely miss the wight.
The wight is heavily damaged.
The wight hits you with a +2 long sword of freezing.
You feel drained. The wight freezes you. The wight hits you with a +3 falchion.
The wight closely misses you. The wight barely misses you.
You barely miss the wight.
The wight is heavily damaged.
The wight misses you.
The wight hits you with a +0 great sword!
You feel drained.
You hit the wight but do no damage.
The wight is heavily damaged.
The wight hits you with a +2 long sword of freezing!
You feel drained. The wight freezes you.
The wight hits you with a +0 great sword!
* * * LOW HITPOINT WARNING * * *
You feel drained.
* * * LOW HITPOINT WARNING * * *
It was a potion of curing.
You feel better. The wight completely misses you. The wight closely misses you.
You feel very mighty all of a sudden.
The wight hits you with a +2 long sword of freezing!
* * * LOW HITPOINT WARNING * * *
You feel drained.
* * * LOW HITPOINT WARNING * * *
The wight freezes you.
* * * LOW HITPOINT WARNING * * *
The wight hits you with a +0 great sword.
* * * LOW HITPOINT WARNING * * *
Press: ? - help, v - describe, . - travel, g - get item
Here: a wight, wielding a +0 great sword and wearing a +0 robe (heavily damaged)
Items here: a +0 dire flail; a +0 robe.
The floor.
You sock the wight!
You destroy the wight!
Okawaru accepts your kill.
The wight hits you with a +2 long sword of freezing!
You die...

* , , #......# , ,, ** , ,
*, , #.....## ##### ### *
,,,#......#####'####...###..
#......#.................
#......#....############# ,
, +......#....# ** , ,,
#......#....# , ,⌠ ,,
,,#......#....# , , , , ,
#......#@...# , ⌠ ,, ,,
#.....zz)...+ ,* * , ,
,,#......#....+ ,* *
#......#....+, ,*, ,* ,
,#......###### ⌠ * * ,
#......# , , #......#, , ,
#......+ , *, , #......#, ,,
** *


You could see 2 wights.

Vanquished Creatures
  Eustachio (D:6)
  4 ogres
  2 ice beasts
  A centaur (D:7)
  A lemure (D:5)
  A phantom (D:6)
  A bullfrog (D:7)
  3 wights (D:8)
  Crazy Yiuf (D:5)
  4 hounds (D:6)
  2 orc priests (D:6)
  2 gnoll boudas
  2 jellies (D:6)
  5 iguanas
  3 sleepcaps
  Ijyb (D:5)
  4 orc wizards
  6 adders
  6 gnolls
  3 shadow imps
  2 white imps
  2 ufetubi
  5 worms
  4 dart slugs
  27 orcs
  8 ball pythons
  4 bats
  5 endoplasms
  2 giant cockroaches (D:1)
  4 goblins
  10 hobgoblins
  3 jackals
  5 quokkas
  4 frilled lizards (D:1)
  7 kobolds
  6 rats
151 creatures vanquished.

Notes
Turn   | Place    | Note
-------+----------+-------------------------------------------
     0 | D:1      | monsoonserge the Meteoran Fighter began the quest for the
                  | Orb.
     0 | D:1      | Reached XP level 1. HP: 19/19 MP: 2/2
    98 | D:1      | Reached XP level 2. HP: 24/26 MP: 3/3
   134 | D:1      | Reached skill level 3 in Maces & Flails
   239 | D:1      | Reached XP level 3. HP: 31/31 MP: 4/4
   517 | D:2      | Reached XP level 4. HP: 40/40 MP: 5/5
   952 | D:3      | Found a bloodstained altar of Trog.
   977 | D:3      | Reached XP level 5. HP: 46/46 MP: 6/6
  1132 | D:3      | Reached skill level 1 in Dodging
  1212 | D:3      | Reached skill level 4 in Maces & Flails
  1400 | D:4      | Reached XP level 6. HP: 52/52 MP: 7/7
  1418 | D:4      | Reached skill level 1 in Axes
  1426 | D:4      | Reached skill level 1 in Staves
  1511 | D:4      | Noticed an ogre
  1523 | D:4      | Killed an ogre
  1524 | D:4      | Reached skill level 5 in Maces & Flails
  1524 | D:4      | Reached skill level 1 in Throwing
  1524 | D:4      | Reached skill level 5 in Armour
  1524 | D:4      | Reached XP level 7. HP: 37/59 MP: 5/8
  1573 | D:4      | Found a staircase to the Ecumenical Temple.
  1579 | Temple   | Entered the Ecumenical Temple
  1685 | Temple   | Became a worshipper of Warmaster Okawaru
  1715 | D:4      | Noticed Pikel
  1777 | D:5      | Entered Level 5 of the Dungeon
  1966 | D:5      | Found a runed translucent door.
  1967 | D:5      | Noticed Crazy Yiuf
  1975 | D:5      | Killed Crazy Yiuf
  1979 | D:5      | Identified the +5 hammer "Deycolo" {pain, rCorr Str+4}
  2169 | D:5      | Found a blossoming altar of Fedhas.
  2169 | D:5      | Noticed Ijyb
  2176 | D:5      | Found a stormy altar of Qazlal.
  2221 | D:5      | Killed Ijyb
  2221 | D:5      | Reached * piety under Okawaru
  2244 | D:5      | Reached XP level 8. HP: 67/67 MP: 9/9
  2288 | D:6      | Reached skill level 1 in Invocations
  2438 | D:6      | Reached skill level 5 in Shields
  2447 | D:6      | Reached skill level 1 in Necromancy
  2529 | D:6      | Reached skill level 6 in Maces & Flails
  2659 | D:6      | Reached ** piety under Okawaru
  2660 | D:6      | Reached skill level 7 in Maces & Flails
  2660 | D:6      | Gained mutation: You passively map the area around you.
                  | [Meteoran growth]
  2660 | D:6      | Reached XP level 9. HP: 72/72 MP: 11/11
  2698 | D:6      | Found a basalt altar of Yredelemnul.
  2731 | D:6      | Found a burning altar of Makhleb.
  2763 | D:6      | Found a sacrificial altar of Ru.
  2870 | D:6      | Noticed Eustachio
  2878 | D:6      | Killed Eustachio
  2879 | D:6      | Reached skill level 1 in Evocations
  3243 | D:7      | Reached skill level 8 in Maces & Flails
  3278 | D:7      | Reached skill level 5 in Fighting
  3603 | D:8      | Reached *** piety under Okawaru
  3618 | D:8      | Slain by a wight

Illustrated notes

Levels and vault maps discovered:
D:1:      dpeg_arrival_stonehenge_8_columns, layout_basic
D:2:      layout_basic, serial_forest, infiniplex_forest_clump_large,
          infiniplex_forest_clump_cross, infiniplex_forest_clump_small,
          infiniplex_forest_zigzag_1, infiniplex_forest_clump_small
D:3:      minmay_recursive_quarters, layout_rooms, trog_butcher_becter
D:4:      minmay_angry_zag, layout_loops_cross, mainiacjoe_overflow_alcove_4,
          minmay_temple_entry_butterflies, minmay_box_of_dots, uniq_pikel
D:5:      layout_basic, grunt_temple_overflow_forces_of_nature, uniq_ijyb,
          uniq_blork_the_orc, uniq_crazy_yiuf_cottage
D:6:      layout_gridville, nicolae_ru_great_annihilating_truth,
          mainiacjoe_overflow_two_lobes, grunt_ministairs_6,
          minmay_starry_boxes, uniq_eustachio
D:7:      layout_basic
D:8:      layout_gridville, mainiacjoe_overflow_cross_hatched,
          kennysheep_vampire_church, nicolae_shop_sticking_my_neck_out
Temple:   jpeg_temple_clearing

Skill      XL: |  1  2  3  4  5  6  7  8  9 |
---------------+----------------------------+-----
Maces & Flails | 3 4 5 7 8 |  8.3
Armour         | 4 5 6 |  6.7
Shields        | 4 5 6 |  6.0
Dodging        | 1 2 3 |  3.4
Axes           | 1 2 3 |  3.3
Fighting       | 4 5 |  5.1
Staves         | 1 2 3 |  3.1
Throwing       | 1 2 |  2.6
Invocations    | 2 3 |  3.4
Necromancy     | 1 |  1.0
Evocations     | 2 |  2.0

Action                     |  1- 3 |  4- 6 |  7- 9 || total
---------------------------+-------+-------+-------++-------
  Melee: Flail             |    43 |       |       ||    43
         Whip              |    38 |   140 |    60 ||   238
         Mace              |       |       |   180 ||   180
  Throw: Boomerang         |       |    11 |    18 ||    29
    Use: Potion            |       |       |     3 ||     3
 Armour: Scale mail        |    41 |    40 |    70 ||   151
  Dodge: Dodged            |    33 |    39 |    75 ||   147
  Block: Buckler           |    15 |    21 |    44 ||    80
